 Dungeon Crawl Stone Soup version 0.30-a0-1035-g38d5fb2972 (webtiles) character file.

Game seed: 12145843192748325389

2455 DeathPants the Covert (level 9, -6/68 HPs)
             Began as a Naga Venom Mage on Apr 8, 2023.
             Was a Believer of Kikubaaqudgha.
             Mangled by a komodo dragon (24 damage)
             ... on level 8 of the Dungeon.
             The game lasted 00:28:32 (7766 turns).

DeathPants the Covert (Naga Venom Mage)             Turns: 7766, Time: 00:28:33

Health: -6/68      AC: 17    Str: 18    XL:     9   Next: 50%
Magic:  0/15       EV:  8    Int: 24    God:    Kikubaaqudgha [**....]
Gold:   313        SH:  0    Dex: 11    Spells: 3/16 levels left

rFire   . . .      SeeInvis +    c - +1 lajatang (speed)
rCold   . . .      Faith    .    (shield currently unavailable)
rNeg    . . .      Spirit   .    f - +0 robe
rPois   +          Reflect  .    B - +2 helmet
rElec   .          Rampage  .    x - +1 cloak
rCorr   .                        P - +0 pair of gloves
Will    ++...                    h - +3 barding "Zoebehaa" {Int+5}
Stlth   ++++                     (no amulet)
HPRegen 0.31/turn                m - ring of willpower
MPRegen 0.14/turn                M - +6 ring of strength

@: radiating poison, very slow
A: AC +3, large, see invisible, deformed body, poison resistance, slowness 2,
spit poison 1, naga tail 1
a: Spit Poison, Renounce Religion, Unearth Wretches


You were on level 8 of the Dungeon.
You worshipped Kikubaaqudgha.
Kikubaaqudgha was pleased with you.
You visited 2 branches of the dungeon, and saw 10 of its levels.

You collected 472 gold pieces.
You spent 159 gold pieces at shops.

Inventory:

Hand Weapons
 a - a +2 quarterstaff of chaos
 b - the +2 quarterstaff "Uvviolaz" {heavy, SInv}
   (You found it on level 2 of the Dungeon)

   SInv:      It lets you see invisible.
 c - a +1 lajatang of speed (weapon)
 t - a +2 dagger of venom
Missiles
 k - 6 silver boomerangs
 r - 16 poisoned darts
 K - 4 boomerangs
Armour
 f - a +0 robe (worn)
 h - the +3 barding "Zoebehaa" (worn) {Int+5}
   (You acquired it on level 3 of the Dungeon)

   Int:       It affects your intelligence (+5).
 x - a +1 cloak (worn)
 B - a +2 helmet (worn)
 C - a +2 ring mail of fire resistance
 P - a +0 pair of gloves (worn)
Jewellery
 m - a ring of willpower (left hand)
 v - a ring of see invisible
 E - a +6 ring of strength
 F - a ring of flight
 H - a ring of ice
 M - a +6 ring of strength (right hand)
Wands
 d - a wand of flame (14)
 O - a wand of roots (16)
Scrolls
 i - 2 scrolls of fear
 l - a scroll of amnesia
 q - a scroll of vulnerability
 w - 2 scrolls of identify
 y - 7 scrolls of teleportation
 z - a scroll of immolation
 G - a scroll of magic mapping
 I - 2 scrolls of blinking
 J - a scroll of butterflies {unknown}
 N - a scroll of brand weapon {unknown}
Potions
 e - 2 potions of might
 g - 2 potions of flight
 j - a potion of ambrosia
 n - a potion of magic
 o - 3 potions of haste
 p - a potion of lignification
 s - 3 potions of attraction
 u - 2 potions of resistance
 A - 2 potions of brilliance
 D - 2 potions of mutation
 L - a potion of curing


   Skills:
 + Level 7.4 Staves
 * Level 3.5 Dodging
 - Level 8.0 Stealth
 - Level 4.0 Spellcasting
 - Level 4.0 Conjurations
 - Level 1.0 Transmutations
 - Level 4.0 Air Magic
 - Level 6.0 Poison Magic


You had 3 spell levels left.
You knew the following spells:

 Your Spells              Type           Power      Damage    Failure   Level
a - Poisonous Vapours     Pois/Air       56%        N/A       1%          2
b - Mephitic Cloud        Conj/Pois/Air  27%        N/A       4%          3
c - Olgreb's Toxic Radia  Pois           33%        N/A       9%          4
d - Animate Dead          Necr           4%         N/A       67%         4

Your spell library contained the following spells:

 Spells                   Type           Power      Damage    Failure   Level
 Sting                    Tmut/Pois      84%        1d7       2%          1
 Kiss of Death            Conj/Necr      56%        2d9       4%          1
 Necrotise                Necr           16%        1d4       10%         1
 Slow                     Hex            16%        N/A       10%         1
 Confusing Touch          Hex            4%         N/A       28%         3
 Vampiric Draining        Necr           4%         2d6       28%         3
 Summon Ice Beast         Ice/Summ       4%         N/A       67%         4
 Summon Mana Viper        Hex/Summ       4%         N/A       95%         5
 Monstrous Menagerie      Summ           2%         N/A       100%        7


Dungeon Overview and Level Annotations

Branches:
Dungeon (9/15)             Temple (1/1) D:4
   Lair: D:8-11         Orc: D:9-12

Altars:
Fedhas
Gozag
Kikubaaqudgha
Okawaru
Ru
Sif Muna
Trog
Uskayaw
Vehumet
Xom
Yredelemnul
The Shining One

Shops:
D:4 ?


Innate Abilities, Weirdness & Mutations

Your serpentine skin is tough. (AC +3)
You have supernaturally acute eyesight. (SInv)
Armour fits poorly on your strangely shaped body.
Your system is resistant to poisons. (rPois)
You cover ground very slowly.
You can spit poison.
You have a snake-like lower body.


Message History

The black bear bites you.
The black bear claws you but does no damage. x2
The komodo dragon bites you!!
The black bear attacks as you move away!
The black bear bites you but does no damage.
The black bear closely misses you. The black bear claws you.
The komodo dragon attacks as you move away!
The komodo dragon barely misses you.
The black bear bites you but does no damage.
The black bear claws you but does no damage.
The black bear claws you.
The komodo dragon bites you but does no damage.
Casting: Poisonous Vapours (safe; 1% risk of failure)
Confirm with . or Enter, or press ? or * to list all spells.
You begin to radiate toxic energy.
The komodo dragon is poisoned.
The black bear is poisoned.
The komodo dragon looks even sicker.
The black bear bites you but does no damage.
The black bear claws you. x2
* * * LOW HITPOINT WARNING * * *
The komodo dragon barely misses you.
Casting: Olgreb's Toxic Radiance (dangerous; 9% risk of failure)
Confirm with . or Enter, or press ? or * to list all spells.
Aiming: Mephitic Cloud (dangerous; 4% risk of failure)
Press: ? - help, Shift-Dir - straight line, f - black bear
Aim: a black bear (moderately wounded, poisoned, chance to affect: 72%)
The ball explodes into a vile cloud!
The stinking cloud engulfs the black bear but does no damage.
The black bear is moderately wounded.
The stinking cloud engulfs you but does no damage.
The stinking cloud engulfs the komodo dragon but does no damage.
The komodo dragon is lightly wounded.
The komodo dragon looks even sicker.
The black bear is engulfed in noxious fumes.
The black bear appears confused.
The black bear barely misses the komodo dragon. x2
The black bear claws the komodo dragon but does no damage.
The komodo dragon is engulfed in noxious fumes.
The komodo dragon appears confused.
The komodo dragon bites you!!
You die...
Kikubaaqudgha rasps: "You have failed me!
Welcome... death!"

##+###.. #######.......
..........†...
..............
.............. ###
.......[.)....
#..##+##########[......
#.....○h☼......#)[.....
+...<.@l.......'.......
#...........>..#.......
######...##...##.......
#[..##...#....####
#.............#....#
#..............#....'
##..##########.#....#.
## ########..


You could see a komodo dragon (confused, very poisoned) and a black bear
(confused, poisoned).

Vanquished Creatures
  Prince Ribbit (D:6)
  Sigmund (D:2)
  Eustachio (D:4)
  A water moccasin (D:5)
  A black bear (D:8)
  An ice beast (D:8)
  An ogre (D:5)
  A phantom (D:6)
  A kobold brigand (D:7)
  2 bullfrogs (D:8)
  2 scorpions (D:6)
  4 wights
  3 killer bees (D:7)
  5 hounds
  3 orc priests
  Crazy Yiuf (D:2)
  A sleepcap (D:6)
  An iguana (D:6)
  11 orc wizards
  3 gnolls (D:3)
  10 adders
  A shadow imp (D:8)
  2 white imps
  An ufetubus (D:6)
  2 worms
  A dart slug (D:5)
  16 orcs
  3 ball pythons
  4 bats
  7 endoplasms
  9 giant cockroaches
  7 hobgoblins
  3 quokkas
  2 frilled lizards
  3 goblins
  A goblin zombie (D:4)
  16 kobolds
  3 kobold skeletons (D:4)
  3 kobold zombies (D:4)
  An orc skeleton (D:4)
  An orc zombie (D:4)
  4 rats
145 creatures vanquished.

Vanquished Creatures (others)
  23 fungi (D:8)
  15 plants (D:8)
38 creatures vanquished.

Grand Total: 183 creatures vanquished

Notes
Turn   | Place    | Note
-------+----------+-------------------------------------------
     0 | D:1      | DeathPants the Naga Venom Mage began the quest for the Orb.
     0 | D:1      | Reached XP level 1. HP: 15/15 MP: 3/3
   207 | D:1      | Reached XP level 2. HP: 22/22 MP: 0/5
   210 | D:1      | Learned a level 2 spell: Poisonous Vapours
   306 | D:2      | Noticed Sigmund
   319 | D:1      | Reached skill level 5 in Poison Magic
   577 | D:1      | Reached XP level 3. HP: 28/28 MP: 2/6
   902 | D:2      | Learned a level 3 spell: Mephitic Cloud
   943 | D:2      | Identified the +2 quarterstaff "Uvviolaz" {heavy, SInv}
  1080 | D:2      | Killed Sigmund
  1081 | D:2      | Reached skill level 7 in Stealth
  1081 | D:2      | Reached XP level 4. HP: 33/36 MP: 4/7
  1081 | D:2      | Reached XP level 5. HP: 39/42 MP: 4/8
  1522 | D:2      | Reached XP level 6. HP: 35/49 MP: 7/9
  1720 | D:2      | Found a runed translucent door.
  1721 | D:2      | Noticed Crazy Yiuf
  1734 | D:2      | Killed Crazy Yiuf
  1735 | D:2      | Reached skill level 8 in Stealth
  1735 | D:2      | Reached skill level 1 in Air Magic
  1958 | D:3      | Identified 2 scrolls of acquirement
  1958 | D:3      | Acquired the +3 barding "Zoebehaa" {Int+5}
  1965 | D:3      | Acquired a +0 lajatang of speed
  3002 | D:5      | Entered Level 5 of the Dungeon
  3060 | D:4      | Found a glowing golden altar of the Shining One.
  3078 | D:4      | Reached skill level 1 in Staves
  3192 | D:4      | Found a staircase to the Ecumenical Temple.
  3203 | Temple   | Entered the Ecumenical Temple
  3212 | Temple   | Became a worshipper of Kikubaaqudgha
  3495 | D:4      | Found an opulent altar of Gozag.
  3633 | D:4      | Found Ixicohit's Magic Scroll Shoppe.
  3636 | D:4      | Bought a scroll of blinking for 82 gold pieces
  3636 | D:4      | Bought a scroll of fear for 44 gold pieces
  3636 | D:4      | Bought a scroll of teleportation for 33 gold pieces
  3647 | D:4      | Noticed Eustachio
  3667 | D:4      | Killed Eustachio
  3668 | D:4      | Reached XP level 7. HP: 37/55 MP: 0/10
  4414 | D:4      | Learned a level 4 spell: Olgreb's Toxic Radiance
  4756 | D:5      | Reached skill level 1 in Conjurations
  5265 | D:5      | Reached XP level 8. HP: 62/62 MP: 11/11
  5626 | D:6      | Noticed Prince Ribbit
  5650 | D:6      | Killed Prince Ribbit
  5653 | D:6      | Reached skill level 5 in Staves
  6012 | D:7      | Found a hide-covered altar of Uskayaw.
  6545 | D:7      | Reached * piety under Kikubaaqudgha
  6545 | D:7      | Received a gift from Kikubaaqudgha
  6560 | D:7      | Learned a level 4 spell: Animate Dead
  6625 | D:7      | Reached XP level 9. HP: 65/68 MP: 3/14
  7609 | D:8      | Reached ** piety under Kikubaaqudgha
  7745 | D:8      | Noticed a komodo dragon
  7766 | D:8      | Mangled by a komodo dragon

Illustrated notes

Levels and vault maps discovered:
D:1:      lightli_arrival_chessboard, layout_rooms, minmay_worlds_worst_comb
D:2:      layout_loops_ring, minmay_misc_feat_x, uniq_crazy_yiuf_cottage,
          uniq_sigmund
D:3:      layout_basic, minmay_checkerbox
D:4:      layout_layer_cave, nicolae_overflow_crystal_walls,
          nicolae_tso_besieged_by_evil, minmay_temple_entry_overgrown,
          serial_shops, nicolae_shop_behind_doors, uniq_eustachio
D:5:      layout_basic
D:6:      layout_rooms, uniq_prince_ribbit1
D:7:      cheibrodos_quashed, layout_cave_pools, mainiacjoe_overflow_paths
D:8:      layout_gridville, due_lair_maze_entry_diamond,
          nicolae_transporter_circle
D:9:      layout_basic, zombieorc2_lemuel, nicolae_two_hexagons
Temple:   compressed_dpeg_triangle_lava_temple

Skill      XL: |  1  2  3  4  5  6  7  8  9 |
---------------+----------------------------+-----
Poison Magic   | 5 6 |  6.0
Stealth        | 7 8 |  8.0
Air Magic      | 3 4 |  4.0
Staves         | 1 3 5 7 |  7.4
Conjurations   | 2 4 |  4.0
Spellcasting   | 3 4 |  4.0
Dodging        | 3 |  3.5
Transmutations | |  1.0

Action                     |  1- 3 |  4- 6 |  7- 9 || total
---------------------------+-------+-------+-------++-------
  Melee: Dagger            |    28 |     1 |       ||    29
         Quarterstaff      |     6 |    20 |       ||    26
         Lajatang          |       |    95 |   169 ||   264
   Cast: Sting             |    31 |    10 |       ||    41
         Poisonous Vapours |       |    15 |    56 ||    71
         Olgreb's Toxic Ra |       |       |    15 ||    15
         Mephitic Cloud    |       |       |     2 ||     2
Ability: Spit Poison       |     2 |       |       ||     2
    Use: Scroll            |       |    12 |    11 ||    23
         Potion            |       |     1 |     1 ||     2
   Stab: Sleeping          |       |     7 |     1 ||     8
         Invisible         |       |       |     1 ||     1
 Armour: Robe              |     4 |    54 |   120 ||   178
  Dodge: Dodged            |    19 |    52 |    67 ||   138

Table legend: (Time is in decaauts)
 A = Elapsed time spent in this place.
 B = Non-inter-level travel time spent in this place.
 C = Inter-level travel time spent in this place.
 D = Time resting spent in this place.
 E = Time spent auto-exploring this place.
 F = Levels seen in this place.
 G = Mean time per level.
                   A        B        C        D        E       F      G
               +--------+--------+--------+--------+--------+-----+--------+
         Total |   9597 |   9275 |    322 |    545 |   6681 |  10 |  959.7 |
       Dungeon |   9544 |   9235 |    309 |    545 |   6657 |   9 | 1060.4 |
        Temple |     53 |     41 |     12 |      0 |     23 |   1 |   53.0 |
               +--------+--------+--------+--------+--------+-----+--------+

Top non-repeatable levels by time:
     D:4: 1836 daAuts
     D:2: 1471 daAuts
     D:7: 1392 daAuts
     D:3: 1346 daAuts
     D:5: 1204 daAuts
     D:6: 1127 daAuts
     D:1: 936 daAuts
     D:8: 153 daAuts
     D:9: 75 daAuts
  Temple: 53 daAuts
